 Dungeon Crawl Stone Soup version 0.19.4-9-g45fd643 (webtiles) character file.

245 letownia the Conjurer (level 6, -6/36 HPs)
             Began as an Octopode Wizard on Feb 20, 2017.
             Was an Initiate of Gozag.
             Mangled by Menkaure (22 damage)
             ... on level 4 of the Dungeon.
             The game lasted 00:07:08 (3114 turns).

letownia the Conjurer (Octopode Wizard)             Turns: 3114, Time: 00:07:08

Health: -6/36      AC:  1    Str:  6    XL:     6   Next: 10%
Magic:  10/11      EV: 13    Int: 21    God:    Gozag
Gold:   513        SH:  0    Dex: 12    Spells: 5 memorised, 1 level left

rFire  . . .     SeeInvis .     a - +0 dagger (curse)
rCold  . . .     Gourm    .     (no shield)
rNeg   . . .     Faith    .     n - +0 hat
rPois  .         Spirit   .     (no amulet)
rElec  .         Reflect  .     (no ring)
rCorr  .         Harm     .     (no ring)
MR     .....                    (no ring)
Stlth  +++.......               (no ring)
                                (no ring)
                                (no ring)
                                (no ring)
                                (no ring)

@: repel missiles
A: almost no armour, stealthy swim, amphibious, 8 rings, constrict 8, camouflage
1, gelatinous body 1
a: Potion Petition, Call Merchant, Bribe Branch, Renounce Religion


You were on level 4 of the Dungeon.
You worshipped Gozag.
Gozag was pleased with you.
You were not hungry.

You visited 2 branches of the dungeon, and saw 6 of its levels.

You collected 543 gold pieces.
You paid 30 gold pieces to Gozag.

Inventory:

Hand Weapons
 a - a cursed +0 dagger (weapon)
Missiles
 e - 12 poisoned needles
 f - 7 tomahawks (quivered)
 v - 6 javelins
Armour
 n - a +0 hat (worn)
Scrolls
 d - a scroll of remove curse {unknown}
 i - 3 scrolls of identify {unknown}
 j - 5 scrolls of teleportation {unknown}
 k - a scroll of fear {unknown}
 q - a scroll of recharging {unknown}
 r - a scroll of random uselessness {unknown}
 s - 3 scrolls of enchant armour {unknown}
Potions
 c - 2 potions of lignification {unknown}
 g - 3 potions of curing {unknown}
 h - 3 potions of agility {unknown}
 m - a potion of cure mutation {unknown}
 o - 3 potions of haste {unknown}
 p - 2 potions of might {unknown}
 t - a potion of heal wounds {unknown}
 w - a potion of mutation {unknown}
 x - 2 potions of degeneration {unknown}
Comestibles
 l - 2 meat rations
 z - 2 bread rations


   Skills:
 - Level 2.0 Dodging
 - Level 2.6 Stealth
 + Level 3.6 Spellcasting
 + Level 4.2 Conjurations
   Level 1.0 Summonings
 - Level 1.0 Translocations
 * Level 1.2 Fire Magic
 - Level 1.9 Air Magic
 - Level 2.0 Poison Magic


You had one spell level left.
You knew the following spells:

 Your Spells              Type           Power        Failure   Level  Hunger
a - Magic Dart            Conj           ###.         1%          1    None
b - Blink                 Tloc           N/A          14%         2    ##.....
c - Conjure Flame         Conj/Fire      ###.....     14%         3    ###....
e - Mephitic Cloud        Conj/Pois/Air  ###.....     14%         3    ###....
r - Repel Missiles        Chrm/Air       #.....       14%         2    ##.....


Dungeon Overview and Level Annotations

Branches:
Dungeon (5/15)             Temple (1/1) D:4

Altars:
Ashenzari
Cheibriados
Elyvilon
Fedhas
Gozag
Hepliaklqana
Kikubaaqudgha
Nemelex Xobeh
Okawaru
Qazlal
Ru
Sif Muna
Trog
Uskayaw
Vehumet
Xom
Yredelemnul
Zin
The Shining One

Annotations:
D:4 Menkaure


Innate Abilities, Weirdness & Mutations

You cannot wear most types of armour.
You are very stealthy in the water. (Stealth+)
You are amphibious.
You can wear up to eight rings at the same time.
You can use your tentacles to constrict eight enemies at once.
Your skin changes colour to match your surroundings (Stealth+).
Your rubbery body absorbs attacks. (AC +1, EV +1)


Message History

Menkaure is lightly damaged.
You constrict Menkaure, but do no damage.
Menkaure barely misses you.
Unknown command.
You barely miss Menkaure.
Menkaure is lightly damaged.
You constrict Menkaure, but do no damage.
Menkaure barely misses you.
Unknown command.
Casting: Magic Dart
Confirm with . or Enter, or press ? or * to list all spells.
Aiming: Magic Dart
Press: ? - help, Shift-Dir - straight line, f - Menkaure
Aim: Menkaure (lightly damaged, constricted by you)
The magic dart hits Menkaure.
Menkaure is moderately damaged.
You constrict Menkaure. Menkaure hits you!!
Ouch! That really hurt!
You die...
Your body crumbles into a pile of gold.

###.###..####.#.........#.#
#....##..#...(............#
#....##..#...............##
#......#................##
#....#..................###
##....#.##...............#..
#.....#.##.................#
#.##....#...[...#.....##.###
#.##.#.#...@M...###...##.##.
#...............# #.........
#....#.#[....#..###.......##
##..#.#.#...###.......#.#...
#.#.#.#.#..###.......#...#.
#..#.>.#...#....##...###...
#.#.#.#.#................#.
##..#.#.#...#####...........
#....#.#...#####.....##.....


You could see Menkaure.

Vanquished Creatures
  A scorpion (D:4)
  A howler monkey (D:4)
  A hound (D:4)
  A worker ant (D:4)
  4 adders
  3 worms
  A dart slug (D:1)
  4 leopard geckos
  6 orcs
  A ball python (D:1)
  7 bats
  A giant cockroach (D:1)
  5 goblins
  2 hobgoblins (D:2)
  2 jackals (D:3)
  3 kobolds
  A quokka (D:3)
  9 frilled lizards
  3 rats
56 creatures vanquished.

Vanquished Creatures (others)
  4 jackals (D:3)
4 creatures vanquished.

Grand Total: 60 creatures vanquished

Notes
Turn   | Place    | Note
-------+----------+-------------------------------------------
     0 | D:1      | letownia the Octopode Wizard began the quest for the Orb.
     0 | D:1      | Reached XP level 1. HP: 11/11 MP: 4/4
   147 | D:1      | Reached skill level 2 in Conjurations
   147 | D:1      | Reached XP level 2. HP: 11/17 MP: 1/6
   151 | D:1      | Learned a level 2 spell: Blink
   154 | D:1      | Learned a level 2 spell: Repel Missiles
   487 | D:2      | Found an iron altar of Okawaru.
   668 | D:2      | Found a shattered altar of Ashenzari.
   668 | D:2      | Found a snail-covered altar of Cheibriados.
   675 | D:2      | Found a white marble altar of Elyvilon.
   677 | D:2      | Found a basalt altar of Yredelemnul.
   677 | D:2      | Found an opulent altar of Gozag.
   679 | D:2      | Found a shimmering altar of Xom.
   679 | D:2      | Found a glowing golden altar of the Shining One.
   680 | D:2      | Found an ancient bone altar of Kikubaaqudgha.
   731 | D:2      | Became a worshipper of Gozag Ym Sagoz the Greedy
   779 | D:2      | Reached XP level 3. HP: 21/21 MP: 5/7
   787 | D:2      | Reached skill level 3 in Conjurations
   811 | D:2      | Learned a level 3 spell: Mephitic Cloud
  1096 | D:2      | Reached skill level 1 in Air Magic
  1248 | D:2      | Reached skill level 1 in Poison Magic
  1248 | D:2      | Reached XP level 4. HP: 27/27 MP: 3/8
  1998 | D:3      | Found a stormy altar of Qazlal.
  2441 | D:4      | Reached XP level 5. HP: 15/31 MP: 0/9
  2626 | D:4      | Reached skill level 4 in Conjurations
  2689 | D:4      | Found a staircase to the Ecumenical Temple.
  2717 | Temple   | Entered the Ecumenical Temple
  2801 | D:4      | Learned a level 3 spell: Conjure Flame
  2991 | D:4      | Reached skill level 1 in Fire Magic
  2991 | D:4      | Reached XP level 6. HP: 13/36 MP: 4/11
  3109 | D:5      | Entered Level 5 of the Dungeon
  3109 | D:5      | Noticed Menkaure
  3114 | D:4      | Mangled by Menkaure

Skill      XL: |  1  2  3  4  5 |
---------------+----------------+-----
Conjurations   | 2 3 4 |  4.2
Air Magic      | 1 |  1.9
Poison Magic   | 1 2 |  2.0
Fire Magic     | 1 |  1.2
Dodging        | |  2.0
Stealth        | |  2.6
Spellcasting   | |  3.6
Summonings     | |  1.0
Translocations | |  1.0

Action                   |  1- 3 |  4- 6 || total
-------------------------+-------+-------++-------
Melee: Unarmed           |     4 |       ||     4
       Tentacles         |     4 |     2 ||     6
       Constrict         |     4 |     6 ||    10
       Dagger            |     6 |    16 ||    22
Throw: Tomahawk          |       |     8 ||     8
 Cast: Magic Dart        |    56 |    92 ||   148
       Repel Missiles    |     1 |       ||     1
       Mephitic Cloud    |       |     2 ||     2
       Blink             |       |     1 ||     1
  Eat: Bread ration      |       |     1 ||     1
       Beef jerky        |       |     1 ||     1
       Fruit             |       |     4 ||     4
Armor: Skin              |     2 |       ||     2
Dodge: Dodged            |    12 |    12 ||    24
